 Dungeon Crawl Stone Soup version 0.30.1-9-gdf580d7c3d (webtiles) character file.

Game seed: 8078223371075047526

21362 growler the Stormcaller (level 12, -10/72 HPs)
             Began as a Tengu Air Elementalist on Sept 25, 2023.
             Was a High Priest of Hepliaklqana.
             Shot with an arrow by Nessos (20 damage)
             ... on level 3 of the Lair of Beasts.
             The game lasted 00:33:58 (13469 turns).

growler the Stormcaller (Tengu Air Elementalist)   Turns: 13469, Time: 00:33:59

Health: -10/72     AC:  3    Str: 10    XL:     12   Next: 89%
Magic:  22/22      EV: 17    Int: 19    God:    Hepliaklqana [*****.]
Gold:   760        SH:  6    Dex: 15    Spells: 13/23 levels left

rFire   . . .        F - +5 dagger
rCold   . . .        S - +2 buckler
rNeg    . . .        Q - +1 robe {Will+}
rPois   .            (helmet restricted)
rElec   .            (no cloak)
rCorr   .            (no gloves)
SInv    .            (boots unavailable)
Will    +....        d - amulet of magic regeneration
Stlth   ++           l - +4 ring of slaying
HPRegen 0.32/turn    T - +5 ring of evasion
MPRegen 0.58/turn

%: no passive effects
@: lethally poisoned (-10 -> -26), grasped by roots, flying quickly and
evasively, constricted, quick
A: reduced essence, beak, talons 3, nimble flight
a: Renounce Religion, Recall Ancestor, Ancestor Identity, Transference, Idealise


You were on level 3 of the Lair of Beasts.
You worshipped Hepliaklqana.
Hepliaklqana was extremely pleased with you.
You visited 3 branches of the dungeon, and saw 15 of its levels.

You collected 760 gold pieces.

Inventory:

Hand Weapons
 F - a +5 dagger (weapon)
Missiles
 a - 2 throwing nets
Armour
 j - a +2 pair of gloves
 J - +0 steam dragon scales
 Q - a +1 robe of willpower (worn)
 S - a +2 buckler (worn)
Jewellery
 d - an amulet of magic regeneration (around neck)
 k - a ring of fire
 l - a +4 ring of slaying (left hand)
 n - a ring of see invisible
 w - an amulet of faith
 y - a ring of protection from fire
 z - an amulet of the acrobat
 P - a ring of ice
 T - a +5 ring of evasion (right hand)
Wands
 t - a wand of flame (40)
 C - a wand of paralysis (7)
 M - a wand of digging (5)
 R - a wand of polymorph (3)
Scrolls
 f - 7 scrolls of teleportation
 o - a scroll of fog {unknown}
 q - 2 scrolls of poison
 r - 6 scrolls of identify
 u - 2 scrolls of magic mapping
 x - 3 scrolls of fear {unknown}
 A - 4 scrolls of enchant weapon
 B - 2 scrolls of amnesia
 G - a scroll of torment {unknown}
 H - a scroll of brand weapon {unknown}
 I - 2 scrolls of immolation
 K - a scroll of silence {unknown}
 L - 3 scrolls of enchant armour {unknown}
 N - a scroll of noise {unknown}
Potions
 b - a potion of magic
 c - 4 potions of attraction
 e - 5 potions of lignification
 g - a potion of cancellation
 h - 5 potions of curing
 i - 2 potions of invisibility
 m - 4 potions of berserk rage
 p - 4 potions of mutation
 s - 3 potions of haste
 v - 3 potions of brilliance
 D - 3 potions of ambrosia
 E - 3 potions of resistance {unknown}
 O - a potion of might


   Skills:
 + Level 11.5 Fighting
 - Level 10.0 Short Blades
 + Level 3.4 Dodging
 + Level 3.3 Stealth
 + Level 1.0 Shields
 - Level 6.0 Spellcasting
 - Level 6.0 Conjurations
 + Level 16.6 Air Magic


You had 13 spell levels left.
You knew the following spells:

 Your Spells              Type           Power      Damage    Failure   Level
a - Shock                 Conj/Air       100%       1d9       1%          1
b - Static Discharge      Conj/Air       96%        2-6/arc   1%          2
c - Swiftness             Air            62%        N/A       1%          3
d - Airstrike             Air            31%        2d(5-21)  1%          4

Your spell library contained the following spells:

 Spells                   Type           Power      Damage    Failure   Level
 Foxfire                  Conj/Fire      68%        2x1d7     4%          1
 Dazzling Flash           Conj/Hex       34%        N/A       14%         3
 Hailstorm                Conj/Ice       17%        3d6       14%         3
 Silence                  Hex/Air        18%        N/A       16%         5
 Freeze                   Ice            20%        1d4       17%         1
 Ensorcelled Hibernation  Hex/Ice        10%        N/A       26%         2
 Passwall                 Tmut/Erth      4%         N/A       26%         2
 Frozen Ramparts          Ice            10%        1d2       45%         3
 Inner Flame              Hex/Fire       5%         N/A       45%         3
 Spider Form              Tmut/Pois      5%         N/A       45%         3
 Plasma Beam              Fire/Air       18%        2x1d33    63%         6
 Fireball                 Conj/Fire      8%         3d6       80%         5
 Anguish                  Hex/Necr       2%         N/A       86%         4
 Agony                    Necr           5%         N/A       99%         5
 Yara's Violent Unravell  Hex/Tmut       2%         3d3       99%         5
 Starburst                Conj/Fire      8%         6d4       100%        6
 Enfeeble                 Hex            2%         N/A       100%        7


Dungeon Overview and Level Annotations

Branches:
Dungeon (11/15)            Temple (1/1) D:4            Lair (3/5) D:10
    Orc (0/2) D:9
  Swamp: Lair:2-3    Shoals: Lair:2-3     Snake: Lair:2-3    Spider: Lair:2-3

Altars:
Ashenzari
Dithmenos
Elyvilon
Fedhas
Gozag
Hepliaklqana
Kikubaaqudgha
Makhleb
Nemelex Xobeh
Okawaru
Qazlal
Ru
Sif Muna
Trog
Uskayaw
Vehumet
Wu Jian
Yredelemnul
Zin
The Shining One
Jiyva

Shops:
D:11 *

Annotations:
Temple 2 transporters
Lair:3 Nessos


Innate Abilities, Weirdness & Mutations

Your life essence is reduced to manifest your ancestor. (-10% HP)
You have a beak for a mouth.
You have claws for feet.
Your magical nature lets you fly swiftly and evasively.


Message History

Nessos mumbles some strange words.
Nessos blinks!
Nessos casts a spell.
Nessos blinks!
Your Shields skill increases to level 1!
Nessos wields a +3 longbow of flaming.
It bursts into flame!
Nessos shoots an arrow.
The arrow hits Reggie B.!!
The arrow burns Reggie B..
Nessos shoots an arrow.
The arrow hits Reggie B.!
The arrow burns Reggie B..
Nessos shoots an arrow.
The arrow hits Reggie B.!
Reggie B. is destroyed!
Nessos drinks a potion.
Nessos's spells are empowered!
Nessos shoots an arrow.
The arrow closely misses you.
Nessos mumbles some strange words.
Nessos blinks!
Nessos casts a spell.
Nessos seems to speed up.
Nessos shoots an arrow.
The arrow misses you. Nessos says, "Study your classics!"
Nessos shoots an arrow.
The arrow hits you!! The arrow burns you!
You are poisoned.
You feel extremely sick.
Nessos zaps a wand.
The roots erupt in riotous growth!
The grasping roots grab you! The grasping roots constrict you!
Nessos mumbles some strange words.
Nessos blinks!
The grasping roots constrict you.
You escape the roots grasp.
* * * LOW HITPOINT WARNING * * *
You feel very sick.
The blink frog blinks!
Nessos gestures wildly while chanting.
Nessos blinks!
* * * LOW HITPOINT WARNING * * *
You feel very sick.
Nessos zaps a wand.
The roots erupt in riotous growth!
The grasping roots grab you! The grasping roots constrict you.
* * * LOW HITPOINT WARNING * * *
Nessos shoots an arrow.
The arrow hits you!!
You die...

#....#
####†§..#
##..c....#
###........#
##.#......#.#
#......§....#
###....#.....#
#.....P#####.#
##@..### ##.#
#<.P.P# #..#
#..^P## ##c#
#...## ##F#
#P### #..# ###
##§# #.# ♣ ###
#.# ♣.
##.#####.# ♣.


You could see Nessos (fast, empowered).

Vanquished Creatures
  Harold (D:10)
  2 boulder beetles (D:11)
  3 two-headed ogres
  An elephant (D:10)
  A torpor snail (Lair:1)
  A black mamba (Lair:3)
  7 cane toads
  An unseen horror (D:10)
  5 komodo dragons
  4 trolls
  A polar bear (Lair:3)
  Prince Ribbit (D:8)
  A shadow (D:11)
  4 wyverns
  17 yaks
  2 basilisks (D:10)
  A steam dragon (D:8)
  4 vampire mosquitoes (D:11)
  Edmund (D:5)
  2 acid dragons (D:9)
  5 water moccasins
  A swamp drake (D:9)
  3 orc warriors
  2 black bears (D:7)
  2 sky beasts (D:7)
  9 wolves
  2 centaurs
  An ogre (D:3)
  2 phantoms
  A kobold brigand (D:9)
  5 bullfrogs
  2 gnoll sergeants
  6 scorpions
  11 wights
  3 killer bees (D:10)
  A howler monkey (D:4)
  3 gnoll boudas
  4 orc priests
  3 hounds
  7 jellies
  4 iguanas
  A sleepcap (D:4)
  Natasha (D:3)
  7 orc wizards
  2 hell rats (D:7)
  9 adders
  23 gnolls
  4 river rats (D:7)
  2 white imps
  2 ufetubi
  4 worms
  2 dart slugs
  27 orcs
  5 bats
  2 endoplasms
  5 giant cockroaches
  5 goblins
  4 hobgoblins
  2 jackals (D:5)
  6 quokkas
  7 ball pythons
  4 frilled lizards
  12 kobolds
  26 rats
299 creatures vanquished.

Vanquished Creatures (collateral kills)
  A manticore (D:11)
  A cane toad (Lair:1)
  A komodo dragon (Lair:1)
  7 yaks
  2 orc warriors (D:9)
  A wolf (Lair:2)
  2 bullfrogs (Lair:3)
  A killer bee (D:10)
  A hell rat (D:7)
  2 river rats (D:7)
  2 orcs (D:9)
  A rat (D:7)
22 creatures vanquished.

Vanquished Creatures (others)
  A human (D:10)
  6 hexers
  An ancestor (D:7)
8 creatures vanquished.

Grand Total: 329 creatures vanquished

Notes
Turn   | Place    | Note
-------+----------+-------------------------------------------
     0 | D:1      | growler the Tengu Air Elementalist began the quest for the
                  | Orb.
     0 | D:1      | Reached XP level 1. HP: 10/10 MP: 4/4
   298 | D:1      | Reached XP level 2. HP: 15/15 MP: 1/6
   503 | D:1      | Learned a level 2 spell: Static Discharge
  1319 | D:2      | Reached XP level 3. HP: 15/19 MP: 3/7
  1327 | D:2      | Learned a level 3 spell: Swiftness
  1729 | D:2      | Reached XP level 4. HP: 21/24 MP: 4/9
  1993 | D:3      | Reached skill level 5 in Air Magic
  2147 | D:3      | Noticed an ogre
  2152 | D:3      | Killed an ogre
  2153 | D:3      | Gained mutation: Your magical nature lets you fly swiftly
                  | and evasively. [Tengu growth]
  2153 | D:3      | Reached XP level 5. HP: 23/28 MP: 5/10
  2158 | D:3      | Learned a level 4 spell: Airstrike
  2465 | D:3      | Identified the +5 chain mail of the Will of the Gods {Fly
                  | rN++ Stlth-}
  2573 | D:3      | Noticed Natasha
  2577 | D:3      | Killed Natasha
  2985 | D:4      | Reached skill level 6 in Air Magic
  2985 | D:4      | Reached XP level 6. HP: 32/32 MP: 9/12
  3086 | D:4      | You are sucked into a shaft and drop 3 floors!
  3145 | D:7      | Noticed a black bear
  3155 | D:7      | Killed a black bear
  3156 | D:7      | Reached skill level 5 in Conjurations
  3299 | D:7      | Reached XP level 7. HP: 22/36 MP: 7/14
  3424 | D:6      | Found a white marble altar of Elyvilon.
  3534 | D:6      | Reached skill level 7 in Air Magic
  3704 | D:5      | Entered Level 5 of the Dungeon
  3966 | D:4      | Found a staircase to the Ecumenical Temple.
  3972 | Temple   | Entered the Ecumenical Temple
  3972 | Temple   | Found a transporter.
  3972 | Temple   | Found a transporter.
  3976 | Temple   | Found a transporter.
  3976 | Temple   | Found a transporter.
  3987 | Temple   | Became a worshipper of Hepliaklqana the Forgotten
  4076 | D:4      | Found a burning altar of Makhleb.
  4427 | D:4      | Reached skill level 5 in Spellcasting
  4429 | D:4      | Reached skill level 8 in Air Magic
  4429 | D:4      | Reached XP level 8. HP: 36/41 MP: 4/16
  4516 | D:5      | Noticed Edmund
  4526 | D:5      | Killed Edmund
  4527 | D:5      | Reached skill level 1 in Fighting
  5104 | D:6      | Reached skill level 9 in Air Magic
  5484 | D:6      | Reached * piety under Hepliaklqana
  5995 | D:7      | Reached skill level 1 in Short Blades
  5995 | D:7      | Reached XP level 9. HP: 46/46 MP: 11/19
  5998 | D:7      | Reached skill level 10 in Air Magic
  6714 | D:7      | Reached skill level 5 in Fighting
  6738 | D:8      | Noticed Prince Ribbit
  6740 | D:8      | Killed Prince Ribbit
  6758 | D:8      | Reached skill level 11 in Air Magic
  6867 | D:8      | Noticed a two-headed ogre
  6870 | D:8      | Killed a two-headed ogre
  6871 | D:8      | Reached skill level 5 in Short Blades
  6871 | D:8      | Reached XP level 10. HP: 54/54 MP: 8/20
  7503 | D:9      | Found a viscous altar of Jiyva.
  7597 | D:9      | Reached ** piety under Hepliaklqana
  7598 | D:9      | Remembered your ancestor Reggie B. as a hexer
  7641 | D:9      | Reached skill level 12 in Air Magic
  8331 | D:9      | Noticed a two-headed ogre
  8362 | D:9      | Killed a two-headed ogre
  8564 | D:9      | Reached skill level 13 in Air Magic
  8646 | D:9      | Found a staircase to the Orcish Mines.
  8797 | D:9      | Reached XP level 11. HP: 61/61 MP: 13/21
  8872 | D:10     | Entered Level 10 of the Dungeon
  8956 | D:10     | Found a staircase to the Lair.
  9005 | D:10     | Noticed Harold
  9167 | D:10     | Killed Harold
  9283 | D:10     | Reached *** piety under Hepliaklqana
  9881 | D:10     | Found an ancient bone altar of Kikubaaqudgha.
  9988 | D:11     | Noticed a two-headed ogre
  9992 | D:11     | Killed a two-headed ogre
  9993 | D:11     | Reached skill level 14 in Air Magic
 10271 | D:11     | Found Byrheas's Bounteous Boutique.
 10310 | D:11     | Noticed a manticore
 10319 | D:11     | Killed a manticore
 10404 | D:11     | Noticed a boulder beetle
 10567 | D:11     | Killed a boulder beetle
 10584 | D:11     | Reached **** piety under Hepliaklqana
 10877 | D:11     | Noticed a boulder beetle
 10887 | D:11     | Killed a boulder beetle
 10888 | D:11     | Reached XP level 12. HP: 69/69 MP: 22/22
 11056 | Lair:1   | Entered Level 1 of the Lair of Beasts
 11081 | Lair:1   | Reached skill level 15 in Air Magic
 11131 | Lair:1   | Reached skill level 10 in Fighting
 11131 | Lair:1   | Reached skill level 10 in Short Blades
 11340 | Lair:1   | You are sucked into a shaft and drop 1 floor!
 11762 | Lair:1   | Reached skill level 16 in Air Magic
 12858 | Lair:2   | Reached ***** piety under Hepliaklqana
 13444 | Lair:3   | Noticed Nessos
 13446 | Lair:3   | Reached skill level 1 in Shields
 13469 | Lair:3   | Shot with an arrow by Nessos

Illustrated notes

Levels and vault maps discovered:
D:1:      ncdulo_wetmaze, layout_loops_corners, chequers_serial_rivers_room_b
D:2:      layout_loops_ring, minmay_fountain_box, minmay_misc_feat_more_columns,
          serial_bayou_pond_e
D:3:      layout_basic, uniq_natasha
D:4:      layout_rooms, nicolae_overflow_hidden_temple,
          minmay_temple_entry_ruins, nicolae_ossuary_entry_ruins,
          dreamdust_wishing_well
D:5:      layout_cave_pools, uniq_edmund
D:6:      layout_cave_pools, elyvilon_altar_5, amethyst_killhole,
          minmay_door_square, minmay_strange_pillars, patterned_corridor
D:7:      lemuel_ratsnest, layout_loops_cross,
          hangedman_abyss_or_decor_lesser_grid, grunt_decor_resistance,
          grunt_ministairs_10
D:8:      layout_rooms, uniq_prince_ribbit1
D:9:      layout_long_grid, erik_orc_1, grunt_ministairs_7, serial_bayou_pond_e,
          jiyva_altar_1
D:10:     layout_irregular_city, tgw_kikubaaqudgha, david_lair_generic,
          uniq_harold
D:11:     layout_loops_cross, gauntlet_entry_generic, nicolae_alphabet_shops,
          minmay_between
Temple:   hellmonk_temple_divided_pantheon
Lair:1:   layout_misc_corridors
Lair:2:   layout_gridlike, st_stairs_6
Lair:3:   nzn_winding_woodlands_large [nzn_winding_woodlands_5x5_checkerboard,
          nzn_winding_woodlands_5x15_sawtooth,
          nzn_winding_woodlands_5x5_closed_star,
          nzn_winding_woodlands_center_lodge,
          nzn_winding_woodlands_15x15_eel_pit,
          nzn_winding_woodlands_center_pierced_h,
          nzn_winding_woodlands_5x5_three,
          nzn_winding_woodlands_5x15_split_checker,
          nzn_winding_woodlands_5x5_default], layout_misc_corridors,
          minmay_swamp_entry_eels, hellmonk_spider_entry_not_the_bees,
          uniq_nessos, uniq_kirke

Skill      XL: |  1  2  3  4  5  6  7  8  9 10 11 12 |
---------------+-------------------------------------+-----
Conjurations   | 2 3 4 5 6 |  6.0
Air Magic      | 5 6 8 9 11 13 14 16 | 16.6
Spellcasting   | 3 4 5 6 |  6.0
Fighting       | 3 6 7 9 11 | 11.5
Short Blades   | 1 5 7 9 10 | 10.0
Dodging        | 3 |  3.4
Stealth        | 3 |  3.3
Shields        | 1 |  1.0

Action                     |  1- 3 |  4- 6 |  7- 9 | 10-12 || total
---------------------------+-------+-------+-------+-------++-------
  Melee: Unarmed           |     3 |       |       |       ||     3
         Punch             |     1 |       |       |     1 ||     2
         Dagger            |       |       |     9 |   105 ||   114
         Peck              |       |       |     1 |    34 ||    35
         Kick              |       |       |     1 |    34 ||    35
   Cast: Shock             |    67 |    51 |   192 |    20 ||   330
         Static Discharge  |     1 |    14 |    23 |    19 ||    57
         Airstrike         |       |     1 |    43 |   215 ||   259
 Invoke: Ancestor Identity |       |       |     1 |       ||     1
         Ancestor Life: He |       |       |       |     1 ||     1
         Recall Ancestor   |       |       |       |     5 ||     5
  Evoke: Wand              |       |       |       |     6 ||     6
    Use: Scroll            |       |     7 |     4 |     9 ||    20
         Potion            |       |       |       |     2 ||     2
   Stab: Sleeping          |       |       |     1 |     1 ||     2
         Paralysed         |       |       |       |     5 ||     5
         Distracted        |       |       |       |     2 ||     2
         Confused          |       |       |       |     1 ||     1
 Armour: Robe              |     1 |     3 |     5 |       ||     9
         Steam dragon scal |       |       |       |    17 ||    17
  Dodge: Dodged            |     6 |    12 |    28 |    68 ||   114
